 Dungeon Crawl Stone Soup version 0.31-a0-846-gb3bcc0d938 (webtiles) character file.

Game seed: 17109039809639620708

75 Danienth the Shooter (level 4, -1/27 HPs)
             Began as a Kobold Hexslinger on Oct 3, 2023.
             Killed from afar by an orc wizard (7 damage)
             ... with a puff of flame
             ... on level 3 of the Dungeon.
             The game lasted 00:05:42 (1410 turns).

Danienth the Shooter (Kobold Hexslinger)            Turns: 1410, Time: 00:05:44

Health: -1/27      AC:  2    Str:  7    XL:     4   Next: 55%
Magic:  5/5        EV: 15    Int: 14    God:
Gold:   75         SH:  0    Dex: 17    Spells: 5/5 levels left

rFire   . . .        a - +2 sling
rCold   . . .        (no shield)
rNeg    . . .        c - +0 robe
rPois   .            (no helmet)
rElec   .            (no cloak)
rCorr   .            (no gloves)
SInv    .            (no boots)
Will    .....        (no amulet)
Stlth   +            (no ring)
HPRegen 0.24/turn    (no ring)
MPRegen 0.09/turn

%: no passive effects
@: very slow
A: small, no large weapons, nightstalker 3
a: no special abilities


You were on level 3 of the Dungeon.
You visited 1 branch of the dungeon, and saw 3 of its levels.

You collected 75 gold pieces.

Inventory:

Hand Weapons
 a - a +2 sling (weapon)
 b - a +0 short sword
Armour
 c - a +0 robe (worn)
 n - a +0 helmet
Magical Staves
 d - a staff of conjuration
Scrolls
 l - 2 scrolls of identify {unknown}
 m - a scroll of vulnerability {unknown}
Potions
 f - a potion of mutation {unknown}
 g - 4 potions of curing {unknown}
 h - a potion of might {unknown}
 i - a potion of magic {unknown}
 j - a potion of lignification {unknown}
 k - a potion of haste {unknown}


   Skills:
 * Level 2.9 Fighting
 + Level 4.3 Ranged Weapons
 - Level 3.0 Dodging
 - Level 1.1 Spellcasting
 - Level 3.0 Hexes
 - Level 1.0 Fire Magic


You had 5 spell levels left.
You didn't know any spells.
Your spell library contained the following spells:

 Spells                   Type           Power      Damage    Failure   Level
 Jinxbite                 Hex            18%        N/A       12%         2
 Sigil of Binding         Hex            9%         N/A       22%         3
 Inner Flame              Hex/Fire       6%         N/A       34%         3
 Cause Fear               Hex            4%         N/A       58%         4
 Dimensional Bullseye     Hex/Tloc       2%         N/A       80%         4


Dungeon Overview and Level Annotations

Branches:
Dungeon (3/15)

Altars:


Innate Abilities, Weirdness & Mutations

You are small and have problems with some larger weapons.
You are completely attuned to the shadows.


Message History

Aim: Disturbance You shoot a sling bullet.
The orc misses you. Something closely misses you. The orc misses you.
Fire: a) +2 sling
Press: ? - help, Shift-Dir - straight line, f - orc
Aim: an orc, wielding a +0 short sword (63% to hit)
You shoot a sling bullet.
You hear some strange, mumbled words.
A puff of flame appears from out of thin air!
The puff of flame misses you.
The orc splashes around in the water.
You hear some strange, mumbled words.
Something tries to affect you, but you resist.
Fire: a) +2 sling
Press: ? - help, Shift-Dir - straight line, f - orc
Aim: an orc, wielding a +0 short sword (63% to hit)
You shoot a sling bullet.
You are engulfed in a cloud of scalding steam.
The orc hits you with a +0 short sword.
You hear a splashing noise.
A river rat comes into view.
Fire: a) +2 sling
Press: ? - help, Shift-Dir - straight line, f - orc
Aim: an orc, wielding a +0 short sword (63% to hit)
You shoot a sling bullet.
You are engulfed in a cloud of scalding steam.
The orc closely misses you. Something hits you.
You shoot a sling bullet. The orc barely misses you.
You hear a splashing noise.
You shoot a sling bullet. The orc hits you with a +0 short sword.
* * * LOW HITPOINT WARNING * * *
You hear some strange, mumbled words.
Something tries to affect you, but you resist.
The orc closely misses you.
You shoot a sling bullet. Something hits you.
* * * LOW HITPOINT WARNING * * *
The orc barely misses you.
You hear some strange, mumbled words.
A puff of flame appears from out of thin air!
The puff of flame hits you!
You die...

##### #.#.#.
########...##
#.#..
...o........# #.#
.....~......# #.#
.~.~o~~~..#.# #.#
~~#~#~#####.# #.#
~~~~~~~~##.###.#
########~#......#
#@ow~~~######.#
#{#r#### #.#
#~#~~~ ...
#~#~##~ ....
#~#~~


You could see a worm, a river rat and an orc.

Vanquished Creatures
  Terence (D:2)
  3 worms (D:3)
  3 dart slugs (D:1)
  7 bats (D:1)
  4 endoplasms
  A giant cockroach (D:1)
  3 hobgoblins (D:1)
  A quokka (D:1)
  2 ball pythons (D:1)
  3 frilled lizards
  2 kobolds (D:1)
  7 rats
37 creatures vanquished.

Notes
Turn   | Place    | Note
-------+----------+-------------------------------------------
     0 | D:1      | Danienth the Kobold Hexslinger began the quest for the Orb.
     0 | D:1      | Reached XP level 1. HP: 12/12 MP: 2/2
    50 | D:1      | Reached skill level 3 in Ranged Weapons
    92 | D:1      | Reached XP level 2. HP: 16/16 MP: 3/3
   450 | D:1      | Reached XP level 3. HP: 21/21 MP: 4/4
  1142 | D:2      | Noticed Terence
  1155 | D:2      | Killed Terence
  1156 | D:2      | Reached skill level 4 in Ranged Weapons
  1156 | D:2      | Reached XP level 4. HP: 27/27 MP: 5/5
  1410 | D:3      | Killed from afar by an orc wizard

Illustrated notes

Levels and vault maps discovered:
D:1:      amcnicky_arrival_underground_garden, layout_rooms
D:2:      layout_basic, uniq_terence, uniq_sigmund, uniq_jessica
D:3:      layout_loops_ring, vehumet_altar_wand_db,
          ebering_ecumenical_altar_webs, lightli_sewer_entry_pipes

Skill      XL: |  1  2  3 |
---------------+----------+-----
Ranged Weapons | 3 4 |  4.3
Dodging        | 3 |  3.0
Fighting       | 2 |  2.9
Spellcasting   | |  1.1
Hexes          | |  3.0
Fire Magic     | |  1.0

Action                     |  1- 3 |  4- 6 || total
---------------------------+-------+-------++-------
   Fire: Sling             |    71 |    34 ||   105
    Use: Scroll            |     1 |     1 ||     2
 Armour: Robe              |    10 |    13 ||    23
  Dodge: Dodged            |    18 |    17 ||    35

Table legend: (Time is in decaauts)
 A = Elapsed time spent in this place.
 B = Non-inter-level travel time spent in this place.
 C = Inter-level travel time spent in this place.
 D = Time resting spent in this place.
 E = Time spent auto-exploring this place.
 F = Levels seen in this place.
 G = Mean time per level.
                   A        B        C        D        E       F      G
               +--------+--------+--------+--------+--------+-----+--------+
         Total |   1437 |   1386 |     51 |    357 |    767 |   3 |  479.0 |
       Dungeon |   1437 |   1386 |     51 |    357 |    767 |   3 |  479.0 |
               +--------+--------+--------+--------+--------+-----+--------+

Top non-repeatable levels by time:
     D:1: 944 daAuts
     D:2: 333 daAuts
     D:3: 160 daAuts
